Map: Frozen Temple

Players

MaSa

  • Race: Terran Terran

Puck (Nina) - Winner!

  • Race: Protoss Protoss

Event: DreamHack Open Tours WCS Spring Championship

VOD

https://www.youtube.com/watch?v=5KQtT8xNmy4

Description

Time

  • Played on: May 14, 2016, 8:36 a.m.
  • Length: 20:16

All games in this series

Show
View Real Time Build Order
Export as new Build Order

MaSa Terran 

Build Orders: Liberator Opening, Reaper Expand, MMM Bio 

Get SALT Encoding   

  12  0:00  SCV  
  13  0:12  SCV  
  14  0:17  Supply Depot  
  14  0:24  SCV  
  15  0:39  SCV  
  15  0:41  Barracks  
  16  0:45  Refinery  
  16  0:51  SCV  
  17  1:03  Supply Depot, SCV  
  18  1:15  SCV  
  19  1:27  Reaper  
  19  1:28  Orbital Command  
  20  1:51  Command Center  
  20  1:53  SCV  
  21  1:59  Marine  
  22  2:04  Factory  
  22  2:07  SCV  
  23  2:14  Refinery  
  23  2:21  Barracks Reactor  
  23  2:22  SCV  
  24  2:34  SCV  
  25  2:47  SCV  
  25  2:48  Starport  
  26  2:53  Widow Mine  
  28  2:59  Marine x2  
  28  3:00  SCV  
  28  3:02  Orbital Command  
  31  3:12  SCV  
  32  3:16  Marine x2  
  33  3:22  Widow Mine  
  33  3:24  SCV  
  33  3:25  Medivac  
  38  3:28  SCV  
  39  3:37  Liberator  
  39  3:39  Marine, Command Center  
  40  3:44  SCV  
  40  3:47  Marine  
  41  3:52  Factory Tech Lab  
  44  3:57  Bunker  
  44  4:00  Supply Depot  
  44  4:05  SCV  
  44  4:06  Marine  
  46  4:13  Refinery  
  46  4:18  Marine  
  46  4:21  SCV x2  
  46  4:23  Supply Depot  
  48  4:26  Siege Tank  
  51  4:33  SCV  
  51  4:36  Barracks  
  52  4:41  Viking  
  52  4:43  SCV  
  54  4:46  SCV  
  55  4:56  SCV, Marine x2  
  58  5:01  Siege Tank  
  57  5:07  Orbital Command  
  57  5:08  SCV  
  57  5:11  Medivac  
  60  5:16  Marine x2  
  60  5:18  SCV  
  63  5:23  Supply Depot  
  63  5:25  Barracks Tech Lab  
  63  5:28  Barracks  
  63  5:30  SCV  
  63  5:35  Engineering Bay  
  64  5:38  SCV  
  64  5:40  SCV, Marine  
  64  5:41  Marine  
  68  5:46  Medivac  
  68  5:48  Stimpack  
  70  5:52  Marauder  
  70  5:53  SCV  
  70  5:56  SCV  
  74  5:58  Marine  
  74  5:59  SCV  
  74  6:02  Missile Turret  
  76  6:05  Liberator  
  76  6:06  Refinery  
  76  6:07  Factory Reactor  
  76  6:09  SCV x2  
  76  6:11  Terran Infantry Weapons Level 1  
  78  6:17  Supply Depot, Marine x2  
  83  6:28  Marauder  
  85  6:37  Supply Depot  
  85  6:38  SCV x2, Marine x2  
  85  6:39  Marauder  
  91  6:42  Supply Depot  
  91  6:49  SCV  
  91  6:52  Supply Depot  
  92  6:57  Marauder  
  92  6:58  SCV  
  92  7:00  Marauder  
  96  7:01  Factory Reactor  
  96  7:03  Supply Depot  
  96  7:07  Barracks  
  96  7:09  Barracks  
  96  7:13  SCV x2, Marine  
  99  7:16  Combat Shields  
  99  7:20  Marine  
  100  7:27  Medivac  
  100  7:28  Medivac  
  104  7:34  Marine  
  104  7:35  Marauder  
  107  7:40  Liberator  
  107  7:41  Liberator  
  107  7:42  Supply Depot  
  107  7:43  Marine  
  108  7:51  Concussive Shells  
  106  7:53  Marauder  
  106  7:56  Orbital Command  
  114  8:09  Starport  
  112  8:16  Barracks Tech Lab  
  112  8:17  Marauder x2, Marine  
  116  8:20  Factory Reactor  
  103  8:28  Marine  
  103  8:29  Marine  
  103  8:30  Marine  
  103  8:32  SCV  
  101  8:35  Marine  
  101  8:38  Marauder x2  
  101  8:40  Marauder  
  105  8:42  Liberator  
  105  8:47  Marine x2  
  107  8:53  SCV  
  107  8:55  Marine  
  107  9:00  Marauder x2  
  107  9:01  Marauder  
  116  9:05  Widow Mine x2  
  116  9:07  Starport Reactor  
  116  9:08  Starport Tech Lab  
  116  9:09  Fusion Core  
  109  9:11  SCV  
  109  9:12  Marine  
  109  9:13  Marine  
  109  9:15  Marine  
  111  9:17  Marine  
  111  9:20  Orbital Command  
  111  9:21  Marauder x2  
  111  9:22  Liberator  
  116  9:26  Marauder  
  116  9:30  SCV, Marine  
  117  9:32  Marine  
  117  9:33  Marine  
  117  9:35  Terran Infantry Armor Level 1  
  119  9:42  Marauder  
  119  9:43  Marauder  
  126  9:46  SCV x2  
  126  9:47  Marauder, Marine  
  130  10:03  SCV  
  130  10:04  Marauder  
  130  10:06  Marauder  
  133  10:08  Supply Depot  
  133  10:11  Marauder  
  133  10:13  Advanced Ballistics  
  133  10:14  Refinery  
  133  10:21  Marine  
  130  10:22  Liberator  
  130  10:25  Marauder  
  130  10:26  Marine x2  
  128  10:28  Marine  
  128  10:30  SCV  
  130  10:42  Liberator  
  130  10:46  Refinery  
  130  10:47  Supply Depot  
  128  10:50  Marauder x2  
  123  11:00  Marauder  
  123  11:01  Marine  
  123  11:02  SCV  
  128  11:09  Medivac, Sensor Tower  
  130  11:13  Supply Depot  
  130  11:16  Armory  
  130  11:19  Marauder  
  130  11:22  Medivac  
  134  11:25  Marine  
  134  11:29  Marauder, Liberator  
  134  11:30  Marine x2  
  139  11:35  Liberator  
  139  11:36  Marauder, Marine  
  139  11:39  Medivac  
  144  11:40  Marine  
  144  11:53  Marauder, Marine  
  139  11:58  Marauder  
  141  12:07  Missile Turret  
  141  12:17  Supply Depot x2  
  141  12:18  Supply Depot  
  141  12:20  Missile Turret  
  141  12:21  Liberator  
  141  12:29  Supply Depot  
  141  12:30  Marine  
  141  12:31  Marauder  
  141  12:38  Marine x3  
  141  12:39  Marauder, Marine  
  150  12:49  Marauder  
  150  12:50  Liberator  
  149  12:52  Marauder, Terran Infantry Weapons Level 2  
  149  12:56  Marine  
  149  12:57  Liberator  
  145  13:00  Marauder  
  145  13:01  Marine  
  145  13:05  Marine x2  
  143  13:09  Liberator  
  143  13:10  Marauder  
  145  13:14  Marauder  
  150  13:22  Marauder  
  155  13:31  Marauder  
  155  13:33  Liberator  
  157  13:35  Marauder  
  157  13:40  Liberator  
  154  13:42  Marine  
  154  13:43  Marauder  
  154  13:45  Orbital Command  
  156  13:53  Marauder  
  161  13:59  Marine x3  
  167  14:04  Widow Mine x2  
  167  14:05  Missile Turret  
  159  14:27  Marauder x2, Marine x2  
  161  14:41  Marauder, Marine x2  
  159  14:48  Marauder, Viking  
  163  14:59  Medivac x2  
  165  15:09  Marine x2  
  165  15:10  Marauder  
  165  15:13  Refinery  
  169  15:14  Marine  
  169  15:15  Marauder x2, Marine  
  160  15:21  Refinery  
  160  15:22  Supply Depot  
  154  15:31  Marauder  
  154  15:32  SCV x2  
  154  15:33  Medivac  
  159  15:35  Marine  
  159  15:36  Marauder x2  
  163  15:46  Marine  
  152  15:52  Marauder, Marine  
  154  15:57  Marine  
  154  15:58  Marauder x2, Marine  
  154  16:04  Marine  
  160  16:09  Marine  
  162  16:14  Marauder  
  162  16:15  Marine x2  
  162  16:16  Supply Depot x2  
  154  16:19  Marauder  
  154  16:20  Marine  
  154  16:21  Marine  
  156  16:27  Marine  
  156  16:31  Command Center  
  141  16:33  Marine  
  141  16:35  Marauder, Marine  
  141  16:38  Marauder  
  140  16:40  Marauder  
  140  16:42  Marine  
  143  16:49  Marine  
  143  16:50  Viking  
  146  16:55  Refinery  
  146  16:57  Marauder  
  146  16:59  Marine  
  146  17:00  Marauder, Marine  
  152  17:01  Barracks, Bunker  
  152  17:02  Marauder  
  153  17:14  Marine x2  
  143  17:17  Marine  
  143  17:18  Marauder  
  143  17:19  Medivac x2  
  143  17:21  Marauder  
  119  17:43  Command Center  
  101  17:46  Marine x2  
  101  17:47  Marauder x2, Marine  
  91  17:55  Marine x2  
  91  17:56  Marauder  
  88  18:04  Marine x2  
  88  18:05  Marine, Liberator  
  91  18:08  Marauder x2  
  95  18:13  Marine  
  95  18:15  Medivac x2, Barracks Tech Lab  
  95  18:17  Marauder  
  98  18:22  Marine x2  
  98  18:23  Marine  
  100  18:29  Marauder  
  100  18:30  Marauder  
  100  18:31  Marine  
  100  18:34  Marine  
  100  18:38  Marauder  
  100  18:40  Marine x3  
  105  18:42  Liberator  
  105  18:47  Liberator  
  105  18:49  Marine  
  105  18:51  Marauder x2  
  110  18:58  Widow Mine x2  
  110  19:00  Liberator  
  115  19:06  Marine  
  115  19:09  Marine  
  115  19:12  Marine  
  117  19:23  Marauder  
  122  19:27  Marauder  
  111  19:42  Marauder  
  116  19:53  Marauder, Marine  
Show
View Real Time Build Order
Export as new Build Order

Puck Protoss - Winner!

Build Orders: 1 Gate Expand 

Get SALT Encoding   

  12  0:00  Probe (Chrono Boost)  
  13  0:11  Probe (Chrono Boost)  
  14  0:18  Pylon  
  14  0:22  Probe (Chrono Boost)  
  15  0:36  Probe (Chrono Boost), Gateway  
  15  0:41  Assimilator  
  16  0:46  Probe (Chrono Boost)  
  18  0:57  Probe (Chrono Boost)  
  18  1:07  Probe (Chrono Boost)  
  19  1:20  Nexus  
  19  1:24  Probe (Chrono Boost)  
  20  1:32  Cybernetics Core  
  20  1:36  Probe (Chrono Boost)  
  21  1:40  Assimilator  
  21  1:46  Probe (Chrono Boost)  
  22  1:51  Pylon  
  22  1:57  Probe (Chrono Boost)  
  23  2:09  Mothership Core (Chrono Boost)  
  23  2:10  Adept  
  27  2:18  Warp Gate  
  27  2:28  Probe (Chrono Boost)  
  28  2:33  Probe (Chrono Boost)  
  29  2:37  Adept  
  29  2:38  Probe (Chrono Boost)  
  29  2:42  Robotics Facility  
  29  2:43  Probe (Chrono Boost)  
  33  2:49  Probe (Chrono Boost)  
  34  2:54  Probe (Chrono Boost)  
  35  2:59  Probe (Chrono Boost)  
  35  3:00  Assimilator  
  35  3:04  Probe (Chrono Boost), Adept  
  39  3:10  Probe (Chrono Boost)  
  40  3:15  Probe (Chrono Boost)  
  40  3:18  Pylon  
  41  3:20  Probe (Chrono Boost)  
  41  3:25  Probe (Chrono Boost)  
  41  3:26  Gateway  
  43  3:31  Probe (Chrono Boost)  
  44  3:35  Warp Prism  
  45  3:47  Probe (Chrono Boost)  
  46  3:49  Probe (Chrono Boost)  
  46  3:51  Assimilator  
  46  3:53  Robotics Bay  
  47  4:01  Probe (Chrono Boost), Twilight Council  
  48  4:03  Probe (Chrono Boost)  
  49  4:11  Probe (Chrono Boost)  
  49  4:14  Probe (Chrono Boost)  
  51  4:22  Probe (Chrono Boost)  
  52  4:24  Probe (Chrono Boost)  
  52  4:25  Pylon  
  52  4:28  Pylon  
  52  4:29  Observer  
  54  4:36  Gateway  
  54  4:39  Blink  
  54  4:44  Probe (Chrono Boost)  
  55  4:48  Probe (Chrono Boost)  
  55  4:50  Gateway  
  56  4:53  Gateway  
  52  5:01  Probe (Chrono Boost)  
  52  5:06  Disruptor (Chrono Boost)  
  56  5:08  Probe (Chrono Boost), Gateway  
  56  5:11  Probe (Chrono Boost)  
  58  5:15  Gravitic Drive (Chrono Boost)  
  58  5:18  Stalker x2  
  62  5:27  Pylon  
  61  5:33  Stalker  
  61  5:38  Probe  
  61  5:40  Probe  
  61  5:41  Stalker  
  65  5:45  Disruptor (Chrono Boost)  
  68  5:57  Probe  
  67  5:59  Probe  
  67  6:02  Stalker x2  
  72  6:09  Probe  
  73  6:17  Disruptor (Chrono Boost)  
  76  6:34  Stalker  
  76  6:39  Pylon x2  
  78  6:43  Nexus  
  78  6:44  Pylon  
  78  6:56  Disruptor (Chrono Boost)  
  81  7:02  Probe  
  81  7:04  Forge  
  81  7:07  Stalker x4  
  90  7:15  Probe (Chrono Boost)  
  91  7:19  Probe (Chrono Boost), Pylon  
  92  7:23  Disruptor  
  92  7:28  Probe (Chrono Boost), Pylon  
  96  7:35  Probe (Chrono Boost)  
  97  7:40  Adept x2  
  100  7:53  Probe (Chrono Boost)  
  100  7:54  Probe (Chrono Boost)  
  100  7:56  Probe (Chrono Boost), Robotics Facility, Observer  
  103  7:59  Protoss Ground Armor Level 1 (Chrono Boost)  
  103  8:00  Pylon  
  104  8:06  Stalker x3  
  104  8:07  Probe  
  104  8:09  Probe  
  112  8:14  Probe  
  112  8:19  Probe, Stalker x2  
  116  8:31  Stalker x2  
  113  8:37  Observer  
  114  8:45  Stalker x4  
  114  8:47  Probe x2  
  114  8:48  Probe  
  124  8:54  Disruptor  
  126  9:04  Disruptor  
  127  9:11  Stalker  
  127  9:12  Stalker x4  
  133  9:26  Disruptor  
  130  9:33  Probe  
  130  9:35  Assimilator  
  130  9:37  Dark Shrine, Assimilator  
  134  9:40  Adept x3  
  134  9:44  Protoss Ground Armor Level 2 (Chrono Boost)  
  134  9:45  Pylon  
  140  10:05  Stalker  
  140  10:06  Stalker x3  
  144  10:09  Stalker x2  
  144  10:13  Pylon  
  142  10:15  Pylon  
  142  10:19  Forge  
  142  10:24  Stargate  
  142  10:30  Stalker x3  
  148  10:43  Robotics Facility  
  148  10:46  Pylon  
  148  10:48  Pylon  
  142  10:56  Stalker x4  
  142  11:02  Probe x2  
  144  11:06  Pylon  
  144  11:09  Pylon  
  144  11:15  Pylon  
  144  11:21  Disruptor  
  144  11:24  Nexus  
  144  11:26  Pylon  
  144  11:28  Pylon  
  144  11:30  Protoss Ground Weapons Level 1 (Chrono Boost)  
  147  11:34  Phoenix  
  149  11:42  Fleet Beacon  
  147  11:57  Stargate  
  144  12:01  Phoenix  
  144  12:02  Assimilator  
  144  12:05  Assimilator  
  144  12:06  Probe  
  145  12:09  Stalker x2  
  148  12:20  Probe  
  148  12:21  Probe  
  150  12:26  Probe  
  145  12:39  Stalker x2  
  141  12:55  Stalker x2  
  135  13:01  Probe x2  
  131  13:08  Probe  
  132  13:13  Probe x2  
  132  13:18  Probe  
  134  13:25  Probe  
  134  13:26  Probe  
  137  13:28  Dark Templar  
  137  13:31  Probe  
  140  13:38  Probe x2  
  136  13:41  Probe  
  136  13:47  Dark Templar  
  137  13:50  Probe x2  
  137  13:53  Probe  
  138  14:02  Probe  
  137  14:13  Nexus  
  137  14:28  Tempest x2  
  143  14:31  Probe  
  143  14:32  Adept  
  143  14:35  Pylon  
  146  14:40  Disruptor  
  146  14:45  Disruptor  
  151  14:53  Probe x2  
  153  15:01  Probe  
  153  15:04  Dark Templar  
  156  15:09  Pylon  
  156  15:11  Photon Cannon  
  156  15:14  Photon Cannon  
  154  15:23  Probe  
  155  15:29  Probe  
  155  15:31  Probe  
  155  15:32  Stalker x4, Protoss Ground Weapons Level 2 (Chrono Boost)  
  165  15:36  Disruptor  
  165  15:41  Disruptor  
  169  15:52  Dark Templar x2  
  163  16:07  Stalker x2  
  163  16:08  Stalker x2  
  168  16:23  Archon  
  150  16:36  Disruptor  
  150  16:39  Probe  
  152  16:42  Disruptor  
  155  16:55  Dark Templar  
  155  16:56  Dark Templar x2  
  161  17:03  Nexus  
  161  17:05  Pylon  
  161  17:06  Pylon  
  152  17:17  Stalker x3  
  158  17:23  Gateway  
  158  17:25  Gateway  
  131  17:46  Disruptor  
  130  18:04  Stalker x3  
  130  18:05  Stalker x3  
  138  18:07  Photon Cannon  
  138  18:09  Photon Cannon  
  136  18:38  Stalker  
  136  18:39  Stalker x3  
  142  18:58  Disruptor  
  145  19:10  Stalker x3  
  145  19:11  Stalker  
  145  19:14  Stalker  
  155  19:18  Mothership Core  
  155  19:19  Assimilator  
  155  19:20  Pylon, Assimilator  
  154  19:39  Stalker x4  
  154  19:41  Zealot  
  164  19:55  Dark Templar  
  152  20:07  Stalker x3  
  152  20:08  Zealot x2  

Tags
 
Add a new tag
Caveats
  • Supply blocks, unpowered buildings, or Contaminate may cause inaccurate times.
  • Supply counts are checked every 10 seconds.